[Event "Portugal-ch Seniors-65 2022"]
[Site "Atouguia da Baleia"]
[Date "2022.06.15"]
[Round "1.1"]
[White "Alves, Fernando Pereira Rib"]
[Black "Gori, Andrea"]
[Result "0-1"]
[ECO "C54"]
[WhiteElo "1524"]
[BlackElo "1970"]
[Annotator "TA"]
[PlyCount "90"]
[EventDate "2022.06.09"]
[EventType "swiss"]
[EventCountry "POR"]
[SourceTitle "playchess.com"]
[Source "ChessBase"]
[SourceQuality "1"]
[TimeControl "5400+30"]

1. e4 e5 2. Nf3 Nc6 3. Bc4 Bc5 4. c3 Nf6 5. d4 exd4 6. e5 d5 7. Bb5 Ne4 8. cxd4 Bb4+ 9. Nbd2 Bd7 {[%cal Oc6e5] C54: Giuoco Piano: 4 c3 Nf6, main lines with 5 d4 and 5 d3.} 10. Bd3 ({Better is} 10. O-O $11) 10... Bg4 $1 $15 {[#]} 11. Qa4 $146 (11. O-O $2 Nxd2 12. Bxd2 Bxd2 13. Qxd2 Bxf3 14. gxf3 Nxd4 $17) (11. Be2 $15) ({Predecessor:} 11. Bb5 O-O 12. Bxc6 bxc6 13. Qc2 Bxf3 14. gxf3 Ng5 15. Qb3 Rb8 16. Qd3 f6 17. f4 Ne4 18. f3 Nxd2 19. Bxd2 fxe5 {0-1 (30) Nwachukwu,C (1946)-Duda,L (1780) Crawley 2016}) 11... Bxf3 $19 {Black is clearly better.} 12. gxf3 Ng5 13. Ke2 (13. f4 $142 Nf3+ 14. Kd1 Bxd2 15. Bxd2) 13... O-O {...Qd7 is the strong threat.} 14. Nb3 a6 {Against Bb5} (14... Ne6 $1 $19 15. Be3 Qh4) 15. Be3 $2 {[%mdl 8192] [#]} (15. a3 $17 {was the crucial defense.} Be7 16. Na5 Nxa5 17. Qxa5) 15... Ne6 {Pair of Knights!} (15... Qd7 $142 $1 16. Kd1 (16. Qxc6 Qxc6) 16... b5 17. Bxb5 axb5 18. Qxb5 Rfb8) 16. Rac1 $2 (16. Rhc1 Be7 17. Rxc6 bxc6 18. Qxc6) 16... Be7 $2 ({Black should play} 16... b5 $19 17. Bxb5 axb5 18. Qxb5 {[#]} Rxa2 $1) 17. Rxc6 $15 bxc6 18. Qxc6 a5 {Black wants to play ...a4.} 19. Bf5 (19. f4 $1 $11) 19... Qc8 ({Reject} 19... a4 $6 20. Bxe6 axb3 21. Bxd5 Rxa2 22. Rb1 $11) 20. Qc2 (20. Bd3 $17) 20... g6 $19 21. Rg1 Kh8 22. Bh6 $2 (22. Bxe6 Qa6+ 23. Ke1 fxe6 24. Bg5) 22... gxf5 23. Qxf5 a4 $2 (23... Rg8 $19 {has better winning chances.} 24. Rxg8+ Qxg8) 24. Qxe6 $17 {White threatens Bg7+ and mate.} Rg8 {Inhibits Bg7+. The board is on fire.} (24... Qxe6 $2 {gets mated.} 25. Bg7+ Kg8 26. Bf6+) 25. Rxg8+ Kxg8 26. Qxe7 {Threatening mate with Qg5+.} Qa6+ 27. Ke1 (27. Kd1 $142 axb3 28. Qg5+ Qg6 29. Qxg6+ (29. axb3 Rb8 $15) 29... fxg6 30. axb3) 27... Qxh6 {[%mdl 4096] Endgame KQR-KQN} ({Black should try} 27... axb3 $17 28. Qg5+ Qg6 29. axb3 Qxg5 30. Bxg5 Rb8) 28. Nc5 $15 Qc1+ 29. Ke2 Qxb2+ 30. Kf1 Qb1+ 31. Ke2 $2 {[%mdl 8192] Black converts the advantage convincingly.} (31. Kg2 $15) 31... Qxa2+ $19 32. Kf1 Qb1+ 33. Ke2 Rb8 {( -> ...Rb2+)} 34. Nd3 {Against Rb2+} Qb6 {Against e6} 35. f4 Qg6 36. Qxc7 Rb3 37. Qc8+ Kg7 38. f5 Qg4+ 39. f3 (39. Kd2 $142 Qg5+ 40. Kc2) 39... Qg2+ 40. Ke3 Qg1+ 41. Kf4 Qxd4+ 42. Kg3 Qg1+ 43. Kf4 h6 44. f6+ Kh7 45. Qf5+ Qg6 {Weighted Error Value: White=1.05/Black=0.63} 0-1

[Event "Portugal-ch Seniors-65 2022"]
[Site "Atouguia da Baleia"]
[Date "2022.06.15"]
[Round "1.2"]
[White "Morais, Vitor"]
[Black "Brandao, Alvaro Sousa"]
[Result "1/2-1/2"]
[ECO "A46"]
[WhiteElo "1878"]
[BlackElo "1504"]
[Annotator "NA RC COMBH"]
[PlyCount "98"]
[EventDate "2022.06.09"]
[EventType "swiss"]
[EventCountry "POR"]
[SourceTitle "playchess.com"]
[Source "ChessBase"]
[SourceQuality "1"]
[TimeControl "5400+30"]

1. d4 Nf6 2. Nf3 e6 3. Bf4 g6 4. e3 Bg7 5. Be2 O-O 6. h3 a5 7. O-O b6 8. c3 Ba6 9. Nbd2 Bxe2 10. Qxe2 d6 11. e4 Nc6 12. Rad1 Rb8 13. Rfe1 Qd7 14. Bh2 Rfd8 15. Nf1 Qc8 16. d5 exd5 17. exd5 Re8 18. Qd3 Ne7 19. Ne3 Bh6 20. c4 Nd7 21. Nd4 Nc5 22. Qc2 Qd7 23. Nb5 Bxe3 24. Rxe3 Nf5 25. Ree1 Re7 26. Bf4 Rbe8 27. Kf1 Rxe1+ 28. Rxe1 Rxe1+ 29. Kxe1 c6 30. dxc6 Qxc6 31. Qe2 Ne6 32. Be3 Nxe3 33. fxe3 Kf8 34. Kf2 Ke8 35. Qf3 Qxf3+ 36. Kxf3 Kd7 37. Ke4 Kc6 38. Nd4+ Kd7 39. Nxe6 Kxe6 40. b3 h6 41. a3 f5+ 42. Kd4 g5 43. b4 axb4 44. axb4 h5 45. g3 h4 46. gxh4 gxh4 47. b5 Ke7 48. Kd5 Kd7 49. e4 f4 1/2-1/2

[Event "Portugal-ch Seniors-65 2022"]
[Site "Atouguia da Baleia"]
[Date "2022.06.15"]
[Round "1.3"]
[White "Viana, Eduardo Rosa"]
[Black "Antao, Jorge"]
[Result "0-1"]
[ECO "A01"]
[WhiteElo "1523"]
[BlackElo "1819"]
[Annotator "NA RC COMBH"]
[PlyCount "114"]
[EventDate "2022.06.09"]
[EventType "swiss"]
[EventCountry "POR"]
[SourceTitle "playchess.com"]
[Source "ChessBase"]
[SourceQuality "1"]
[TimeControl "5400+30"]

1. b3 a5 2. Bb2 a4 3. Nf3 e6 4. c4 f5 5. e3 Nf6 6. d3 Bb4+ 7. Bc3 Qe7 8. Be2 axb3 9. Qxb3 Bxc3+ 10. Nxc3 O-O 11. O-O b6 12. Rfd1 Nc6 13. a3 Bb7 14. Nb5 Rfc8 15. Nbd4 Na5 16. Qa2 Ra6 17. c5 Bd5 18. Qb2 bxc5 19. Nc2 Rb6 20. Qc3 Nc6 21. Rdb1 Rcb8 22. Rxb6 Rxb6 23. a4 d6 24. a5 Rb3 25. Qe1 Qd8 26. a6 Rb8 27. Na3 Nb4 28. d4 Nd7 29. Qc3 Ra8 30. Nc2 Nc6 31. dxc5 Nxc5 32. Nb4 Nxb4 33. Qxb4 Qb8 34. Qa3 Ra7 35. Nd4 g6 36. h3 Kf7 37. Bf1 e5 38. Nc2 Qb3 39. Qxb3 Nxb3 40. Ra3 Nc5 41. Nb4 Ba8 42. Bc4+ Ke8 43. Bb5+ Kf8 44. Be2 c6 45. Bf1 Ke7 46. h4 Kd7 47. Be2 d5 48. h5 Kd6 49. hxg6 hxg6 50. Bf1 Ne6 51. Be2 c5 52. Nc2 Nc7 53. g4 Bc6 54. gxf5 gxf5 55. f4 e4 56. Kf2 Bb5 57. Rb3 Kc6 0-1

[Event "Portugal-ch Seniors-65 2022"]
[Site "Atouguia da Baleia"]
[Date "2022.06.15"]
[Round "1.4"]
[White "Lopes, Carlos Correia"]
[Black "Santos, Amadeu Solha"]
[Result "1-0"]
[ECO "C62"]
[WhiteElo "1766"]
[BlackElo "1457"]
[Annotator "NA RC COMBH"]
[PlyCount "88"]
[EventDate "2022.06.09"]
[EventType "swiss"]
[EventCountry "POR"]
[SourceTitle "playchess.com"]
[Source "ChessBase"]
[SourceQuality "1"]
[TimeControl "5400+30"]

1. e4 e5 2. Nf3 Nc6 3. Bb5 d6 4. O-O Bd7 5. c3 Nf6 6. Re1 Be7 7. d4 O-O 8. d5 Nb8 9. Qe2 a6 10. Bd3 Bg4 11. Qe3 Nh5 12. g3 Nd7 13. b4 Nb6 14. a4 f5 15. Nfd2 f4 16. gxf4 Nxf4 17. Bf1 Bg5 18. Qg3 Qd7 19. f3 Nh5 20. Qxg4 Qxg4+ 21. fxg4 Nf4 22. a5 Nd7 23. Nc4 Nf6 24. Bxf4 Bxf4 25. h3 h5 26. gxh5 Nxh5 27. Ra2 Rf6 28. Rg2 Raf8 29. Be2 Ng3 30. Bg4 Bg5 31. Rxg3 Bh4 32. Rge3 Bf2+ 33. Kg2 Bxe1 34. Rxe1 Rf2+ 35. Kg3 g5 36. Bf5 Rf4 37. Nbd2 Rf6 38. Ne3 Rh6 39. Ng4 Rh8 40. c4 Kf7 41. c5 Ke7 42. Nc4 dxc5 43. bxc5 b5 44. Ncxe5 Rg8 1-0

[Event "Portugal-ch Seniors-65 2022"]
[Site "Atouguia da Baleia"]
[Date "2022.06.15"]
[Round "1.5"]
[White "Nunes, Adelino Vitor"]
[Black "Julio, Joao Manuel dos Sant"]
[Result "0-1"]
[ECO "B06"]
[WhiteElo "1475"]
[BlackElo "2005"]
[Annotator "NA RC"]
[PlyCount "114"]
[EventDate "2022.06.09"]
[EventType "swiss"]
[EventCountry "POR"]
[SourceTitle "playchess.com"]
[Source "ChessBase"]
[SourceQuality "1"]
[TimeControl "5400+30"]

1. e4 g6 2. c4 Bg7 3. Nf3 e6 4. g3 b6 5. Bg2 Bb7 6. d3 Ne7 7. O-O d6 8. a3 Nd7 9. Qc2 O-O 10. Nc3 a6 11. b4 h6 12. Bd2 e5 13. Qc1 Kh7 14. a4 a5 15. b5 Nc5 16. Qc2 f5 17. exf5 Nxf5 18. Ne4 Ne6 19. Bc3 Qd7 20. Rad1 Rae8 21. h3 Qc8 22. Kh2 Qa8 23. Rde1 Re7 24. g4 Nfd4 25. Nxd4 exd4 26. Bd2 Ref7 27. f3 Be5+ 28. Kg1 Nf4 29. Bxf4 Bxf4 30. Qe2 Qd8 31. Qb2 Be3+ 32. Kh2 Qe7 33. Qe2 Qh4 34. Rh1 Bc8 35. Qf1 Bxg4 36. Rxe3 dxe3 37. Qe1 Qxe1 38. Rxe1 Bxf3 39. Rxe3 Bxg2 40. Kxg2 Rf1 41. Nc3 R8f7 42. Nd5 R1f2+ 43. Kg3 Ra2 44. Nc3 Ra3 45. d4 Kg7 46. h4 Rf1 47. Kg4 Kf7 48. c5 dxc5 49. dxc5 bxc5 50. Nd5 Rxe3 51. Nxe3 Ra1 52. Nd5 Rxa4+ 53. Kh3 c4 54. Nxc7 c3 55. b6 c2 56. Na6 c1=Q 57. b7 Qe3+ 0-1

[Event "Portugal-ch Seniors-65 2022"]
[Site "Atouguia da Baleia"]
[Date "2022.06.16"]
[Round "2.1"]
[White "Gori, Andrea"]
[Black "Palhais, Custodio"]
[Result "1-0"]
[ECO "C92"]
[WhiteElo "1970"]
[BlackElo "1660"]
[Annotator "TA"]
[PlyCount "59"]
[EventDate "2022.06.09"]
[EventType "swiss"]
[EventCountry "POR"]
[SourceTitle "playchess.com"]
[Source "ChessBase"]
[SourceQuality "1"]
[TimeControl "5400+30"]

1. e4 e5 2. Nf3 Nc6 3. Bb5 a6 4. Ba4 Nf6 5. O-O b5 6. Bb3 Be7 7. Re1 O-O 8. c3 d6 9. h3 Be6 10. Bc2 Qc8 {[#] C92: Closed Ruy Lopez: 9...Be6, Karpov and Flohr-Zaitsev Variations.} 11. Kh2 $146 ({White should play} 11. d4 $14 Bd7 12. Be3) ({Predecessor:} 11. a3 Ne8 12. d4 Bd7 13. Bb3 Bf6 14. Be3 Na5 15. Bc2 Nc4 16. Bc1 c5 17. d5 a5 18. Nbd2 Nxd2 19. Bxd2 {½-½ (30) Veselinov,I (1836)-Djakovac,E (2165) Bajina Basta 2020}) 11... d5 $11 12. d3 dxe4 {The position is equal.} 13. dxe4 Bc5 14. Be3 Bxe3 15. fxe3 ({White should try} 15. Rxe3 $11 Rd8 16. Nbd2) 15... h6 16. Nbd2 Nh7 17. a4 Qb7 18. b4 f6 (18... Nf6 $11 {remains equal.}) 19. Nb3 $16 {[#] Hoping for Nc5.} Bxb3 (19... Rfd8 $16 20. Qb1 Qc8) 20. Bxb3+ $18 Kh8 21. Nh4 $2 (21. Qd7 $18 {is more deadly.}) 21... Ng5 $2 (21... Ne7 $16 {is tougher.}) 22. Ng6+ {White is clearly winning.} Kh7 23. Nxf8+ Rxf8 24. Bd5 Nf7 25. Qg4 Nfd8 26. Qd7 bxa4 27. Rxa4 {[#] aiming for Rea1.} Qb6 28. Ra2 Kh8 (28... Nb8 $142 29. Qc8 Rh8) 29. Rea1 f5 30. exf5 {Weighted Error Value: White=0.57/Black=1.08} 1-0

[Event "Portugal-ch Seniors-65 2022"]
[Site "Atouguia da Baleia"]
[Date "2022.06.16"]
[Round "2.2"]
[White "Antao, Jorge"]
[Black "Seia, Joao Manuel"]
[Result "1-0"]
[ECO "C54"]
[WhiteElo "1819"]
[BlackElo "1657"]
[Annotator "NA RC COMBH"]
[PlyCount "49"]
[EventDate "2022.06.09"]
[EventType "swiss"]
[EventCountry "POR"]
[SourceTitle "playchess.com"]
[Source "ChessBase"]
[SourceQuality "1"]
[TimeControl "5400+30"]

1. e4 e5 2. Nf3 Nc6 3. Bc4 Bc5 4. c3 Nf6 5. b4 Be7 6. d3 O-O 7. O-O h6 8. b5 Na5 9. Nxe5 Nxc4 10. Nxc4 d5 11. exd5 Qxd5 12. Ba3 Bxa3 13. Nbxa3 Bf5 14. d4 Be6 15. Ne3 Qd7 16. c4 Qe7 17. Nac2 Rfd8 18. Qf3 c6 19. bxc6 bxc6 20. Rfe1 Qc7 21. Rad1 a5 22. Nf5 Bxc4 23. Nxh6+ Kf8 24. Nf5 Bxa2 25. Qa3+ 1-0

[Event "Portugal-ch Seniors-65 2022"]
[Site "Atouguia da Baleia"]
[Date "2022.06.16"]
[Round "2.3"]
[White "Mendes, Jorge Alberto Dacal"]
[Black "Lopes, Carlos Correia"]
[Result "1-0"]
[ECO "C31"]
[WhiteElo "1783"]
[BlackElo "1766"]
[Annotator "NA RC COMBH"]
[PlyCount "39"]
[EventDate "2022.06.09"]
[EventType "swiss"]
[EventCountry "POR"]
[SourceTitle "playchess.com"]
[Source "ChessBase"]
[SourceQuality "1"]
[TimeControl "5400+30"]

1. e4 e5 2. f4 d5 3. exd5 e4 4. d3 exd3 5. Bxd3 Nf6 6. Nf3 Bc5 7. Qe2+ Kf8 8. Be3 Bxe3 9. Qxe3 Qxd5 10. Nc3 Qa5 11. O-O-O Be6 12. Bc4 Ng4 13. Qe2 Nc6 14. Bxe6 fxe6 15. Qxe6 Nf2 16. Rd7 Qh5 17. Ng5 Qe8 18. Rf7+ Kg8 19. Re7+ Kf8 20. Rxe8+ 1-0

[Event "Portugal-ch Seniors-65 2022"]
[Site "Atouguia da Baleia"]
[Date "2022.06.16"]
[Round "2.5"]
[White "Catarro, Jose Joao Dias"]
[Black "Morais, Vitor"]
[Result "0-1"]
[ECO "A45"]
[WhiteElo "1833"]
[BlackElo "1878"]
[Annotator "NA RC COMBH"]
[PlyCount "140"]
[EventDate "2022.06.09"]
[EventType "swiss"]
[EventCountry "POR"]
[SourceTitle "playchess.com"]
[Source "ChessBase"]
[SourceQuality "1"]
[TimeControl "5400+30"]

1. d4 Nf6 2. Bf4 d6 3. Nc3 g6 4. Qd2 Bg7 5. e4 O-O 6. f3 Nc6 7. O-O-O a5 8. g4 Nd7 9. Nge2 e5 10. dxe5 Ndxe5 11. Ng1 Be6 12. h4 Nc4 13. Bxc4 Bxc4 14. b3 Be6 15. Bh6 Qf6 16. Bxg7 Qxg7 17. a4 Nb4 18. Qd4 Rfd8 19. Nge2 c6 20. h5 d5 21. hxg6 hxg6 22. e5 c5 23. Qf4 Nc6 24. Rh2 g5 25. Qd2 Nxe5 26. Rf1 f6 27. Ng3 Kf7 28. Qe2 Rh8 29. Rfh1 Rxh2 30. Rxh2 Rh8 31. Nh5 Qf8 32. Qd1 Qd8 33. Rf2 Qd7 34. Ng3 Rh3 35. Nf5 b6 36. Kb2 Ng6 37. Qf1 Nf4 38. Ne2 Rh8 39. Neg3 Qc7 40. Qe1 Qe5+ 41. Qxe5 fxe5 42. Rd2 Rh3 43. Rf2 Kf6 44. Nf1 Bxf5 45. gxf5 Kxf5 46. Ne3+ Kf6 47. Ng4+ Ke6 48. Kc1 d4 49. Kd2 Kf5 50. Nh2 Rg3 51. Nf1 Rg2 52. Ke1 Rxf2 53. Kxf2 g4 54. Ng3+ Kg5 55. Ne4+ Kh4 56. fxg4 Kxg4 57. Nf6+ Kf5 58. Nd7 Nd5 59. Nb8 e4 60. Nd7 Kf4 61. Nf8 e3+ 62. Ke2 Nb4 63. Ng6+ Ke4 64. Nh4 Nxc2 65. Ng2 d3+ 66. Kd1 e2+ 67. Kd2 e1=Q+ 68. Nxe1 Nxe1 69. Kxe1 Ke3 70. Kd1 d2 0-1

[Event "Portugal-ch Seniors-65 2022"]
[Site "Atouguia da Baleia"]
[Date "2022.06.17"]
[Round "3.1"]
[White "Julio, Joao Manuel dos Sant"]
[Black "Gori, Andrea"]
[Result "0-1"]
[ECO "A00"]
[WhiteElo "2005"]
[BlackElo "1970"]
[Annotator "TA"]
[PlyCount "65"]
[EventDate "2022.06.09"]
[EventType "swiss"]
[EventCountry "POR"]
[SourceTitle "playchess.com"]
[Source "ChessBase"]
[SourceQuality "1"]
[TimeControl "5400+30"]

1. g3 e5 2. Bg2 d5 3. e3 Nf6 4. Ne2 Nc6 5. b3 Bd6 (5... h5 $5 ) 6. Bb2 {A00: Irregular Openings.} Bf5 7. d3 Qd7 {[#]} 8. h3 $146 {Black is slightly better.} ({Predecessor:} 8. Nd2 O-O-O 9. h3 h5 10. a3 Rhe8 11. Nf3 e4 12. Nfd4 exd3 13. cxd3 Nxd4 14. Nxd4 {0-1 (30) Gitelson,A (2210)-Kotepalli,S (1914) Chess.com INT 2020}) 8... O-O-O 9. a4 Kb8 10. Ba3 Bxa3 11. Nxa3 Nb4 12. Qd2 a5 ({Black should play} 12... Qe7 $17) 13. O-O-O (13. g4 $11 {might be stronger.} Be6 14. O-O-O) 13... h6 14. Kb2 c6 15. Nc1 Qd6 16. Qe2 (16. g4 $11 Bh7 17. f4) 16... Rhe8 17. Rd2 Qc5 18. Rhd1 d4 {White must now prevent ...Nbd5. Black is much more active.} 19. e4 {Prevents Nbd5.} (19. Qe1 $17 {was necessary.}) 19... Bd7 ({And not} 19... Qc3+ 20. Kb1 $15) (19... Be6 $19 {Threatens to win with ...b5.} 20. f4 b5) 20. Na2 b5 21. Ra1 bxa4 {aiming for ...Nxa2.} 22. bxa4 $2 (22. Nc4 $17 {is more resistant.} axb3 23. cxb3) 22... Be6 23. Nc4 Nd7 {[%cal Bf6d7,Bd7b6,Bb6c4][%mdl 32] Strongly threatening ...Nxa2.} 24. Nc1 Bxc4 25. dxc4 Nb6 26. Kb3 (26. Bf1 d3 27. cxd3 Qd4+ 28. Kb1 Nxc4 29. Rda2 Nxa2 30. Rxa2) 26... f6 27. Bf1 Re7 28. Ra3 Rb7 {[%cal Ob6c4] ( -> ...Nxc4!)} ({Wrong is} 28... Na6 $2 29. Ka2 $19) 29. Ra2 {[#]} Nxc4 $1 30. Ra3 (30. c3 Nxa2+) 30... Rc7 $2 31. Ra1 $2 {[#]} (31. Qxc4 $19 Qb6 32. c3 Nd3+ 33. Kc2 Qb2+ 34. Kxd3 dxc3+ 35. Ke3 Qxd2+ 36. Kf3 Qxc1 37. Rxc3 Qd1+ 38. Kg2) 31... Re7 $4 {[%mdl 8192] [#]} 32. c3 $1 d3 $19 (32... Rb7 33. Qxc4) 33. Nxd3 {Weighted Error Value: White=1.43/Black=0.85} 0-1

[Event "Portugal-ch Seniors-65 2022"]
[Site "Atouguia da Baleia"]
[Date "2022.06.17"]
[Round "3.2"]
[White "Mendes, Jorge Alberto Dacal"]
[Black "Antao, Jorge"]
[Result "1-0"]
[ECO "C30"]
[WhiteElo "1783"]
[BlackElo "1819"]
[Annotator "NA RC"]
[PlyCount "92"]
[EventDate "2022.06.09"]
[EventType "swiss"]
[EventCountry "POR"]
[SourceTitle "playchess.com"]
[Source "ChessBase"]
[SourceQuality "1"]
[TimeControl "5400+30"]

1. e4 e5 2. f4 Qh4+ 3. g3 Qe7 4. d3 exf4 5. Bxf4 Qb4+ 6. Nd2 Na6 7. Rb1 Ne7 8. Ngf3 Ng6 9. Be3 h5 10. a3 Qa5 11. c3 c6 12. d4 h4 13. g4 h3 14. Nc4 Qd8 15. Bg5 f6 16. Bd2 d5 17. exd5 Bxg4 18. dxc6 bxc6 19. Be2 Qc7 20. Ne3 Bc8 21. O-O Nf4 22. Rf2 Bb7 23. Nf1 O-O-O 24. Bxf4 Qxf4 25. Ne5 Qh6 26. Bg4+ Kc7 27. Nf7 Qh7 28. Nxd8 Kxd8 29. Qe2 Nc7 30. Re1 Bd6 31. c4 Re8 32. Qd2 Rxe1 33. Qxe1 Qg6 34. c5 Qxg4+ 35. Kh1 Bf4 36. Qe4 Nd5 37. Re2 Qh5 (37... Ba6 $142 38. Ng3 Kc7) 38. Rf2 f5 39. Qe6 g6 40. Re2 $2 (40. Rxf4 $11 Nxf4 41. Qd6+ Ke8 42. Qxf4) 40... Qf3+ 41. Kg1 Bc8 42. Qe8+ Kc7 43. Rf2 Qg4+ ({Avoid the trap} 43... Qd1 $2 44. Rxf4 Nxf4 45. Qe5+ Kb7 46. Qxf4 $19) 44. Kh1 {[%emt 0:00:09] [#]} Bd7 (44... Ne3 $142 $1 45. Qe7+ (45. Nxe3 Bxe3) 45... Kb8 46. Qxe3 Bxe3 47. Nxe3 Qe4+ 48. Kg1 Qxe3 49. b4 Qxd4 50. a4 Qg4+ 51. Kh1 Qd1+ 52. Rf1 Qxf1#) 45. Qe2 Qxe2 46. Rxe2 g5 $19 1-0

[Event "Portugal-ch Seniors-65 2022"]
[Site "Atouguia da Baleia"]
[Date "2022.06.17"]
[Round "3.3"]
[White "Morais, Vitor"]
[Black "Lopes, Carlos Correia"]
[Result "1-0"]
[ECO "A48"]
[WhiteElo "1878"]
[BlackElo "1766"]
[Annotator "NA RC"]
[PlyCount "49"]
[EventDate "2022.06.09"]
[EventType "swiss"]
[EventCountry "POR"]
[SourceTitle "playchess.com"]
[Source "ChessBase"]
[SourceQuality "1"]
[TimeControl "5400+30"]

1. d4 Nf6 2. Nf3 g6 3. Bf4 Bg7 4. e3 Nh5 5. Be5 f6 6. Bg3 d6 7. Be2 Nc6 8. O-O Bd7 9. c4 Nxg3 10. hxg3 f5 11. Nc3 O-O 12. Rc1 e5 13. d5 e4 14. dxc6 exf3 15. Bxf3 Bxc6 16. Bd5+ Kh8 17. b4 Qg5 18. b5 Bxd5 19. Nxd5 Rf7 20. a4 Re8 21. Qd3 h5 22. Rfd1 h4 23. gxh4 Qxh4 24. g3 Qg4 25. Qf1 1-0

[Event "Portugal-ch Seniors-65 2022"]
[Site "Atouguia da Baleia"]
[Date "2022.06.17"]
[Round "3.4"]
[White "Mendes, Rui Oscar"]
[Black "Santos, Amadeu Solha"]
[Result "1-0"]
[ECO "D02"]
[WhiteElo "1749"]
[BlackElo "1457"]
[Annotator "NA RC"]
[PlyCount "45"]
[EventDate "2022.06.09"]
[EventType "swiss"]
[EventCountry "POR"]
[SourceTitle "playchess.com"]
[Source "ChessBase"]
[SourceQuality "1"]
[TimeControl "5400+30"]

1. d4 d5 2. Nf3 Bf5 3. Bf4 e6 4. e3 a6 5. Bd3 Ne7 6. O-O Bxd3 7. Qxd3 Ng6 8. Bg3 Bd6 9. c4 Nd7 10. Bxd6 dxc4 11. Qxc4 cxd6 12. Nc3 O-O 13. Rfd1 Qb6 14. Qe2 Rac8 15. Rac1 Nf6 16. Na4 Qb4 17. Nc3 Rc4 18. a3 Qb3 19. Nd2 Qxb2 20. Nxc4 Qb3 21. Qa2 Qxa2 22. Nxa2 Rc8 23. Nxd6 1-0

[Event "Portugal-ch Seniors-65 2022"]
[Site "Atouguia da Baleia"]
[Date "2022.06.17"]
[Round "3.5"]
[White "Palhais, Custodio"]
[Black "Catarro, Jose Joao Dias"]
[Result "1/2-1/2"]
[ECO "B01"]
[WhiteElo "1660"]
[BlackElo "1833"]
[Annotator "NA RC"]
[PlyCount "110"]
[EventDate "2022.06.09"]
[EventType "swiss"]
[EventCountry "POR"]
[SourceTitle "playchess.com"]
[Source "ChessBase"]
[SourceQuality "1"]
[TimeControl "5400+30"]

1. e4 d5 2. exd5 Nf6 3. Nf3 Qxd5 4. Be2 Bg4 5. d4 e6 6. O-O Nc6 7. Re1 O-O-O 8. Bf4 h6 9. c3 g5 10. Be5 Be7 11. Nbd2 Rhg8 12. Qa4 Nd7 13. b4 Nb6 14. Qb3 f6 15. c4 Qd7 16. c5 Nd5 17. Bg3 Ndxb4 18. Rab1 Bf5 19. Bc4 Bc2 20. Qb2 e5 21. a3 Bxb1 22. Rxb1 Rgf8 23. axb4 g4 24. Qa2 Kb8 25. Be6 Qe8 26. Bxg4 f5 27. Bh3 e4 28. b5 exf3 29. bxc6 Qxc6 30. Be5 Bf6 31. Nc4 Qd5 32. Ra1 a6 33. Bxf6 Rxf6 34. Rb1 Qxd4 35. Qb3 Qd5 36. g3 h5 37. Bf1 h4 38. Qb2 Rf7 39. Na5 hxg3 40. Qxb7+ Qxb7 41. Rxb7+ Kc8 42. fxg3 Rf6 43. Kf2 Rd1 44. Ra7 Ra1 45. c6 Kd8 46. Rxa6 Ra2+ 47. Kxf3 Rxh2 48. Bg2 f4 49. gxf4 Rh4 50. Nb7+ Ke7 51. Ra4 Rxc6 52. Re4+ Kf8 53. Nd8 Rc3+ 54. Kf2 c5 55. Ne6+ Kg8 1/2-1/2

[Event "Portugal-ch Seniors-65 2022"]
[Site "Atouguia da Baleia"]
[Date "2022.06.19"]
[Round "5.1"]
[White "Gori, Andrea"]
[Black "Morais, Vitor"]
[Result "1/2-1/2"]
[ECO "B21"]
[WhiteElo "1970"]
[BlackElo "1878"]
[Annotator "NA RC"]
[PlyCount "21"]
[EventDate "2022.06.09"]
[EventType "swiss"]
[EventCountry "POR"]
[SourceTitle "playchess.com"]
[Source "ChessBase"]
[SourceQuality "1"]
[TimeControl "5400+30"]

1. e4 c5 2. f4 Nc6 3. Nc3 g6 4. Nf3 Bg7 5. Bb5 d6 6. d3 Bd7 7. O-O e6 8. Bxc6 Bxc6 9. Qe1 Ne7 10. f5 gxf5 11. Qh4 1/2-1/2

[Event "Portugal-ch Seniors-65 2022"]
[Site "Atouguia da Baleia"]
[Date "2022.06.19"]
[Round "5.2"]
[White "Mendes, Rui Oscar"]
[Black "Julio, Joao Manuel dos Sant"]
[Result "0-1"]
[ECO "D02"]
[WhiteElo "1749"]
[BlackElo "2005"]
[Annotator "NA RC"]
[PlyCount "112"]
[EventDate "2022.06.09"]
[EventType "swiss"]
[EventCountry "POR"]
[SourceTitle "playchess.com"]
[Source "ChessBase"]
[SourceQuality "1"]
[TimeControl "5400+30"]

1. d4 d5 2. Nf3 g6 3. b3 Bg7 4. Bb2 Nf6 5. Nbd2 O-O 6. e3 b6 7. Be2 Bb7 8. O-O Nbd7 9. c4 e6 10. Rc1 c5 11. dxc5 Nxc5 12. Qc2 Rc8 13. Rfd1 Re8 14. Ne5 Qc7 15. Qb1 a5 16. Nf1 Red8 17. Ng3 Nfe4 18. Nf3 dxc4 19. Bxc4 Rxd1+ 20. Rxd1 Rd8 21. Bxg7 Rxd1+ 22. Qxd1 Kxg7 23. Nxe4 Bxe4 24. Qd4+ f6 25. Ng5 e5 {[%emt 0:01:25] [#]} 26. Qxc5 $1 Qxc5 27. Ne6+ Kh6 28. Nxc5 bxc5 29. f3 Bc6 30. a4 $11 Kg5 31. Kf2 h5 32. g3 h4 33. e4 f5 34. Ke3 hxg3 35. hxg3 fxe4 36. fxe4 Kg4 37. Bf7 g5 38. Bd5 Bd7 39. Kf2 Kh3 40. Bf7 Bc8 41. Bg6 Ba6 42. Bf5+ g4 43. Bd7 Bd3 44. Bc6 Bc2 45. Bd5 Kh2 46. Be6 Bd1 47. Bd5 Kh3 48. Be6 Bc2 49. Bd5 Bd3 50. Bc6 c4 51. bxc4 Bxc4 52. Bd5 Bd3 53. Ke3 Kxg3 54. Kxd3 Kh2 55. Be6 g3 56. Bg4 g2 0-1

[Event "Portugal-ch Seniors-65 2022"]
[Site "Atouguia da Baleia"]
[Date "2022.06.19"]
[Round "5.3"]
[White "Mendes, Jorge Alberto Dacal"]
[Black "Palhais, Custodio"]
[Result "0-1"]
[ECO "C36"]
[WhiteElo "1783"]
[BlackElo "1660"]
[Annotator "NA RC"]
[PlyCount "86"]
[EventDate "2022.06.09"]
[EventType "swiss"]
[EventCountry "POR"]
[SourceTitle "playchess.com"]
[Source "ChessBase"]
[SourceQuality "1"]
[TimeControl "5400+30"]

1. e4 e5 2. f4 d5 3. exd5 exf4 4. Nf3 Nf6 5. Nc3 Be7 6. d4 Nh5 7. Bb5+ Bd7 8. Bxd7+ Nxd7 9. O-O O-O 10. Ne5 Ndf6 11. Qf3 g5 12. Bd2 Rc8 13. Rae1 h6 14. Ne4 Qxd5 15. Nxf6+ Nxf6 16. Qxd5 Nxd5 17. Nd7 Rfd8 18. Ne5 Bf6 19. c3 c5 20. Kh1 cxd4 21. cxd4 Rc2 22. Bc1 Nb4 23. Ng4 Bg7 24. a3 Nd3 25. Rd1 Nxc1 26. b4 Ne2 27. d5 h5 28. Nf2 Nc3 29. Nh3 Nxd1 30. Rxd1 Bf6 31. d6 Rc6 32. d7 Rc7 33. Re1 Rcxd7 34. Nf2 Bb2 35. a4 Bc3 36. Rb1 Bxb4 37. h4 Bc5 38. Ne4 Rd1+ 39. Rxd1 Rxd1+ 40. Kh2 Bg1+ 41. Kh1 g4 42. a5 g3 43. Nc3 Ra1 0-1